 Dungeon Crawl Stone Soup version 0.24.0-123-gd5b16e6ec5 (webtiles) character file.

Game seed: 8654394434928570646, levelgen mode: deterministic

5387 H0rd4k the Slicer (level 10, -1/76 HPs)
             Began as a Human Artificer on Jan 31, 2020.
             Killed by drain life
             ... invoked by a soul eater
             ... summoned by an orc sorcerer
              (10 damage)
             ... on level 8 of the Dungeon.
             The game lasted 00:28:14 (10784 turns).

H0rd4k the Slicer (Human Artificer)                Turns: 10784, Time: 00:28:17

Health: -1/76      AC:  6    Str: 15    XL:     10   Next: 98%
Magic:  0/31       EV: 15    Int: 13    God:
Gold:   584        SH:  0    Dex: 13    Spells: 9/9 levels left

rFire    . . .     SeeInvis .   J - +2 long sword (freeze)
rCold    . . .     Gourm    .   (no shield)
rNeg     . . .     Faith    .   b - +0 leather armour
rPois    .         Spirit   +   (no helmet)
rElec    .         Reflect  .   k - scarf {Spirit}
rCorr    .         Harm     .   v - +0 pair of gloves
MR       .....                  o - +0 pair of boots
Stlth    ++........             u - amulet of the acrobat
HPRegen  0.22/turn              w - ring of magical power
MPRegen  0.22/turn              p - ring of magical power

@: no status effects
A: no striking features
a: no special abilities


You were on level 8 of the Dungeon.
You were not hungry.

You visited 1 branch of the dungeon, and saw 10 of its levels.

You collected 584 gold pieces.

Inventory:

Hand Weapons
 a - a +0 short sword
 c - a +0 rapier
 D - a +1 dagger of venom
 J - a +2 long sword of freezing (weapon)
Missiles
 A - 3 throwing nets
 F - 6 poisoned darts
 G - 4 javelins (quivered)
Armour
 b - a +0 leather armour (worn)
 k - a scarf of spirit shield (worn)
 o - a +0 pair of boots (worn)
 v - a +0 pair of gloves (worn)
Jewellery
 m - an uncursed amulet of harm
 p - a ring of magical power (right hand)
 u - an amulet of the acrobat (around neck)
 w - a ring of magical power (left hand)
 y - an uncursed amulet of the gourmand
Wands
 d - a wand of enslavement (5)
 e - a wand of random effects (11)
Scrolls
 h - 9 scrolls of identify
 i - 3 scrolls of teleportation
 j - 7 scrolls of amnesia
 l - 3 scrolls of fog
 r - 2 scrolls of random uselessness
 t - 5 scrolls of remove curse
 B - 3 scrolls of enchant weapon {unknown}
 C - a scroll of noise {unknown}
 E - a scroll of immolation {unknown}
 H - a scroll of blinking {unknown}
Potions
 g - 6 potions of brilliance
 n - 3 potions of lignification
 q - 2 potions of mutation
 s - 2 potions of flight
 x - 2 potions of agility
 z - 2 potions of curing
Comestibles
 f - 23 rations
 I - 4 chunks of flesh


   Skills:
 + Level 6.2 Fighting
 + Level 10.0 Short Blades
 + Level 0.3(6.2) Long Blades
 + Level 2.1 Throwing
 + Level 5.0 Armour
 + Level 6.4 Dodging
 + Level 3.8 Stealth
 + Level 5.3 Evocations


You had 9 spell levels left.
You didn't know any spells.
Your spell library contained the following spells:

 Spells                   Type           Power        Failure   Level  Hunger
 Magic Dart               Conj           #...         36%         1    ##.....
 Searing Ray              Conj           #.....       50%         2    ###....
 Dazzling Spray           Conj/Hex       #.....       73%         3    ####...
 Force Lance              Conj/Tloc      #.......     98%         4    #####..
 Fulminant Prism          Conj/Hex       #.........   98%         4    #####..
 Iskenderun's Mystic Bla  Conj           #.......     98%         4    #####..


Dungeon Overview and Level Annotations

Branches:
Dungeon (10/15)            Temple (0/1) D:4             Orc (0/2) D:9
   Lair: D:8-11

Altars:
Cheibriados
Fedhas
Hepliaklqana
Kikubaaqudgha
Qazlal
Sif Muna
Trog
Uskayaw
Xom
Yredelemnul
The Shining One

Shops:
D:6 !   D:9 [

Annotations:
D:4 3 runed translucent doors, 1994's ghost, amateur DgIE; Bombadil's ghost, amateur NaEn; Winsalot's ghost, amateur DgCj; Xerdoz's ghost, amateur OpTm; Xerdoz's ghost, novice OpTm
D:5 3 runed translucent doors, exclusion: 2 downstairs, Martska's ghost, novice MfIE
D:7 exclusions: 2 downstairs and upstairs
D:8 exclusion: downstairs
D:10 exclusion: komodo dragon


Message History

* * * LOW HITPOINT WARNING * * *
The hellwing hits you but does no damage.
The orc sorcerer barely misses you. The hellwing hits you.
* * * LOW HITPOINT WARNING * * *
The hellwing hits you.
* * * LOW HITPOINT WARNING * * *
The orc sorcerer hits you but does no damage.
The hellwing hits you!
* * * LOW HITPOINT WARNING * * *
The hellwing hits you.
* * * LOW HITPOINT WARNING * * *
You can move again.
You feel better. The orc sorcerer barely misses you.
The hellwing swoops through the air toward you!
The hellwing barely misses you.
You riposte.
You hit the hellwing. You freeze the hellwing.
The hellwing is lightly wounded.
The hellwing hits you but does no damage.
The soul eater draws from the surrounding life force!
You die...

##.#.#.###########
#...##.#
#.####.###
#.##.....#
#.##.....#####
#.##.........#
#.#........3.#
#.#.....[###o#
#.#.##.### #@#
#.#.##.# #4#
#.#.##.# #.#
#.#.#..## #.#
#.......# #.#
###.#.#.# #.#
#.#.#.# #.#
#######.#.#.####.#
.................#


You could see a soul eater, a hellwing and an orc sorcerer.

Vanquished Creatures
  Pikel (D:5)
  An orc sorcerer (D:9)
  Joseph (D:8)
  Grinder (D:5)
  2 hippogriffs
  A wyvern (D:9)
  2 hogs
  A water moccasin (D:10)
  2 orc warriors (D:6)
  3 ice beasts
  3 centaurs
  4 ogres
  A bullfrog (D:8)
  A water moccasin zombie (D:8)
  4 scorpions
  4 howler monkeys
  9 crimson imps
  A gnoll shaman (D:8)
  2 hounds
  6 orc priests
  A jelly (D:7)
  6 orc wizards
  3 bullfrog skeletons
  2 centaur skeletons
  3 iguanas
  5 worker ants
  A hound zombie (D:6)
  A howler monkey zombie (D:9)
  A howler monkey skeleton (D:6)
  8 gnolls
  11 adders
  2 shadow imps
  An ooze (D:2)
  An adder skeleton (D:7)
  2 adder zombies
  2 worms (D:5)
  3 dart slugs
  4 leopard geckos
  31 orcs
  2 ball pythons (D:6)
  2 giant cockroaches
  6 goblins
  4 hobgoblins
  3 jackals (D:5)
  3 quokkas
  9 bats
  6 frilled lizards
  A jackal skeleton (D:5)
  8 kobolds
  A leopard gecko skeleton (D:8)
  6 rats
189 creatures vanquished.

Vanquished Creatures (collateral kills)
  An orc wizard (D:7)
1 creature vanquished.

Vanquished Creatures (others)
  A human (D:7)
  2 hogs (D:7)
  A slave (D:5)
  A crimson imp (D:5)
  An orc priest (D:5)
  3 orcs
9 creatures vanquished.

Grand Total: 199 creatures vanquished

Notes
Turn   | Place    | Note
-------+----------+-------------------------------------------
     0 | D:1      | H0rd4k the Human Artificer began the quest for the Orb.
     0 | D:1      | Reached XP level 1. HP: 15/15 MP: 3/3
   201 | D:1      | Found a shimmering blue altar of Sif Muna.
   211 | D:1      | Reached XP level 2. HP: 14/21 MP: 4/4
   546 | D:1      | Reached XP level 3. HP: 22/26 MP: 3/5
   962 | D:2      | Found a snail-covered altar of Cheibriados.
  1075 | D:2      | Reached XP level 4. HP: 26/32 MP: 6/6
  1097 | D:2      | Reached skill level 1 in Armour
  1125 | D:2      | Reached skill level 2 in Short Blades
  1709 | D:3      | Found a glowing golden altar of the Shining One.
  1772 | D:3      | Reached XP level 5. HP: 25/37 MP: 3/7
  1989 | D:3      | Found a stormy altar of Qazlal.
  2357 | D:3      | Found an ancient bone altar of Kikubaaqudgha.
  2446 | D:4      | Reached skill level 3 in Short Blades
  2478 | D:4      | Reached XP level 6. HP: 43/43 MP: 8/8
  2631 | D:4      | Found a staircase to the Ecumenical Temple.
  2816 | D:4      | Found a shimmering altar of Xom.
  2836 | D:5      | Entered Level 5 of the Dungeon
  2894 | D:5      | Found a bloodstained altar of Trog.
  2894 | D:5      | Noticed Pikel
  2895 | D:5      | Noticed a slave
  2900 | D:5      | Noticed a slave
  2900 | D:5      | Noticed a slave
  2900 | D:5      | Noticed a slave
  2903 | D:5      | Killed Pikel
  2903 | D:5      | Reached skill level 4 in Short Blades
  2903 | D:5      | Reached skill level 1 in Throwing
  2903 | D:5      | Reached XP level 7. HP: 38/50 MP: 10/10
  2903 | D:5      | Reached XP level 8. HP: 43/56 MP: 11/11
  3098 | D:6      | Found Qagorch's Distillery.
  3335 | D:6      | Reached skill level 5 in Short Blades
  3511 | D:5      | Found a runed translucent gate.
  3511 | D:5      | Found a runed translucent gate.
  3513 | D:5      | Found a runed translucent gate.
  3519 | D:5      | Noticed Martska's ghost (novice MfIE)
  3648 | D:5      | Found a basalt altar of Yredelemnul.
  4430 | D:5      | Noticed Grinder
  4443 | D:5      | Paralysed by Grinder for 4 turns
  4458 | D:5      | Killed Grinder
  4458 | D:5      | Reached skill level 6 in Short Blades
  4458 | D:5      | Reached skill level 5 in Dodging
  4458 | D:5      | Reached XP level 9. HP: 58/65 MP: 12/12
  4639 | D:5      | Found a blossoming altar of Fedhas.
  5138 | D:4      | Found a runed translucent gate.
  5138 | D:4      | Found a runed translucent gate.
  5138 | D:4      | Found a runed translucent gate.
  5138 | D:4      | Noticed Xerdoz's ghost (novice OpTm)
  5138 | D:4      | Noticed Xerdoz's ghost (amateur OpTm)
  5139 | D:4      | Noticed Winsalot's ghost (amateur DgCj)
  5139 | D:4      | Noticed Bombadil's ghost (amateur NaEn)
  5139 | D:4      | Noticed 1994's ghost (amateur DgIE)
  6165 | D:6      | Reached skill level 7 in Short Blades
  6931 | D:6      | Found a hide-covered altar of Uskayaw.
  7360 | D:6      | Reached skill level 8 in Short Blades
  7783 | D:7      | Found a hazy altar of Hepliaklqana.
  8082 | D:7      | Reached XP level 10. HP: 68/73 MP: 13/13
  8131 | D:7      | Reached skill level 5 in Evocations
  8306 | D:7      | Reached skill level 5 in Fighting
  8519 | D:7      | Reached skill level 9 in Short Blades
  9081 | D:8      | Noticed Joseph
  9265 | D:8      | Found a shimmering blue altar of Sif Muna.
  9659 | D:8      | Killed Joseph
  9913 | D:9      | Found a staircase to the Orcish Mines.
 10110 | D:9      | Found Vowepaax's Armour Boutique.
 10141 | D:9      | Noticed an orc sorcerer
 10151 | D:9      | Killed an orc sorcerer
 10151 | D:9      | Noticed an orc sorcerer
 10239 | D:10     | Entered Level 10 of the Dungeon
 10284 | D:10     | Reached skill level 5 in Armour
 10376 | D:10     | Noticed a komodo dragon
 10620 | D:10     | Noticed a two-headed ogre
 10641 | D:9      | Noticed an ice devil
 10684 | D:9      | Reached skill level 10 in Short Blades
 10750 | D:9      | Paralysed by an orc sorcerer for 6 turns
 10757 | D:9      | Noticed a smoke demon
 10776 | D:8      | Paralysed by an orc sorcerer for 7 turns
 10781 | D:8      | Noticed a soul eater
 10782 | D:8      | HP: 1/76 [hellwing[an orc sorcerer] (4)]
 10784 | D:8      | Killed from afar by a soul eater

Levels and vault maps discovered:
D:1:      dpeg_arrival_pits, layout_basic, minmay_hexomino_r4
D:2:      layout_basic, cheibriados_altar_1, kennysheep_pointless_box,
          minmay_fractal_squares_5
D:3:      layout_basic, lemuel_zombie_altar_kikubaaqudgha, old_standard_altar,
          grunt_qazlal_sundering
D:4:      layout_loops_corners, minmay_temple_entry_sparse_star,
          gammafunk_ghost_cemetery, first_ration, led_xom_imps
D:5:      layout_basic, fedhas_altar_4, bloody_trog, overflow_temple_1_default,
          gammafunk_ghost_split, kennysheep_opposing_triangles, uniq_grinder,
          uniq_pikel
D:6:      layout_gridville, eat_drink_and_be_merry_uskayaw, serial_shops,
          nicolae_shop_temple_entry_statues_fountains, serial_bayou_pond_b
D:7:      layout_layer_cave, nicolae_overflow_crystal_walls,
          minmay_misc_feat_tower, grunt_livestock
D:8:      layout_loops_ring, kennysheep_mini, chequers_arboretum, uniq_joseph
D:9:      cheibrodos_wizards_tower, layout_small_grid, erik_lair_island,
          orc_0_dummy, serial_shops, kennysheep_little_box
D:10:     layout_rooms

Skill      XL: |  1  2  3  4  5  6  7  8  9 10 |
---------------+-------------------------------+-----
Armour         | 1 2 3 4 5 |  5.0
Short Blades   | 2 3 4 6 8 10 | 10.0
Dodging        | 3 4 5 6 |  6.4
Fighting       | 2 3 4 6 |  6.2
Throwing       | 1 2 |  2.1
Stealth        | 2 3 |  3.8
Evocations     | 4 5 |  5.3
Long Blades    | |  0.3

Action                   |  1- 3 |  4- 6 |  7- 9 | 10-12 || total
-------------------------+-------+-------+-------+-------++-------
Melee: Short sword       |    79 |   202 |   101 |       ||   382
       Rapier            |       |       |   440 |   297 ||   737
       Dagger            |       |       |    20 |       ||    20
       Long sword        |       |       |       |    38 ||    38
Throw: Javelin           |       |     7 |     4 |     8 ||    19
Evoke: Wand              |     6 |    15 |    35 |    16 ||    72
  Use: Scroll            |       |    11 |     1 |       ||    12
       Potion            |       |     3 |     2 |     1 ||     6
 Stab: Sleeping          |     1 |     1 |       |     3 ||     5
       Distracted        |       |     1 |     2 |     1 ||     4
       Paralysed         |       |       |     1 |       ||     1
  Eat: Chunk             |       |     9 |    13 |     9 ||    31
       Ration            |       |       |     1 |       ||     1
Armor: Leather armour    |    27 |    48 |    97 |    72 ||   244
Dodge: Dodged            |    61 |   144 |   326 |   236 ||   767
       Rpst.: Long sword |       |       |       |     8 ||     8
